 Dungeon Crawl Stone Soup version 0.29-a0-757-g358383bc75 (webtiles) character file.

Game seed: 17285390204593332063

139 DuloT34 the Magician (level 5, 0/41 HPs)
             Began as a Barachi Arcane Marksman on June 30, 2022.
             Killed from afar by Natasha (10 damage)
             ... with a magic dart
             ... on level 2 of the Dungeon.
             The game lasted 00:04:38 (3935 turns).

DuloT34 the Magician (Barachi Arcane Marksman)      Turns: 3935, Time: 00:04:39

Health: 0/41       AC:  2    Str: 12    XL:     5   Next: 22%
Magic:  11/11      EV: 12    Int: 13    God:
Gold:   106        SH:  0    Dex: 14    Spells: 11/12 levels left

rFire   . . .      SeeInvis .   a - +0 sling
rCold   . . .      Faith    .   (no shield)
rNeg    . . .      Spirit   .   c - +0 robe
rPois   .          Reflect  .   (no helmet)
rElec   .          Harm     .   (no cloak)
rCorr   .          Rampage  .   (no gloves)
Will    .....                   (no boots)
Stlth   +.........              (no amulet)
HPRegen 0.13/turn               (no ring)
MPRegen 0.12/turn               (no ring)

@: slow
A: amphibious, slowness 1, strong legs 1, +LOS
a: Hop


You were on level 2 of the Dungeon.
You visited 1 branch of the dungeon, and saw 2 of its levels.

You collected 106 gold pieces.

Inventory:

Hand Weapons
 a - a +0 sling (weapon)
Armour
 c - a +0 robe (worn)
Jewellery
 d - a +6 ring of strength
 i - a ring of willpower
Scrolls
 b - a scroll of vulnerability
 j - a scroll of noise {unknown}
 k - a scroll of brand weapon {unknown}
 l - 2 scrolls of identify
 n - 3 scrolls of teleportation {unknown}
Potions
 e - a potion of cancellation
 f - 2 potions of magic {unknown}
 g - a potion of brilliance {unknown}
 h - 2 potions of heal wounds {unknown}
 m - a potion of ambrosia {unknown}


   Skills:
 + Level 3.5 Fighting
 - Level 2.0 Ranged Weapons
 - Level 2.1 Dodging
 - Level 4.0 Spellcasting
 - Level 3.2 Hexes


You had 11 spell levels left.
You knew the following spells:

 Your Spells              Type           Power      Damage    Failure   Level
a - Slow                  Hex            44%        N/A       5%          1

Your spell library contained the following spells:

 Spells                   Type           Power      Damage    Failure   Level
 Inner Flame              Hex/Fire       6%         N/A       32%         3
 Portal Projectile        Hex/Tloc       12%        N/A       32%         3
 Cause Fear               Hex            5%         N/A       47%         4
 Chain Lightning          Conj/Air       1%         3d1       100%        9
 Fire Storm               Conj/Fire      1%         7d1       100%        9
 Shatter                  Erth           1%         3d5*      100%        9


Dungeon Overview and Level Annotations

Branches:
Dungeon (2/15)

Altars:

Annotations:
D:2 Natasha


Innate Abilities, Weirdness & Mutations

You are amphibious.
You cover ground slowly.
You can hop short distances.
You have an extended range of vision and can be seen from far away.


Message History

There is a stone staircase leading up here.
You see here 6 stones.
n - 3 scrolls labelled NITYPU HOTODGH Natasha, Servant of Life and Death comes into view.
She is carrying a wand of quicksilver (3).
You shoot a sling bullet.
Natasha hisses angrily.
The sling bullet hits Natasha.
Natasha is heavily wounded.
You shoot a sling bullet.
The sling bullet closely misses Natasha.
You shoot a sling bullet.
The sling bullet closely misses Natasha.
Natasha wildly gestures.
Natasha glows brightly for a moment.
Natasha casts a spell at you. The magic dart hits you!
You shoot a sling bullet.
The sling bullet hits Natasha but does no damage.
Natasha is heavily wounded.
Natasha casts a spell at you. You resist with some effort.
You shoot a sling bullet. The sling bullet barely misses Natasha.
Natasha casts a spell at you. The magic dart hits you!
You shoot a sling bullet. The sling bullet hits Natasha.
Natasha is severely wounded.
Natasha zaps a wand.
The bolt of dispelling energy hits you!
* * * LOW HITPOINT WARNING * * *
You are too injured to fight recklessly!
You are too injured to fight recklessly!
You are too injured to fight recklessly!
You are too injured to fight recklessly!
Fire: a) +0 sling
Press: ? - help, Shift-Dir - straight line, f/p - Natasha
Aim: Natasha, carrying a wand of quicksilver (2) (severely wounded)
You shoot a sling bullet.
The sling bullet closely misses Natasha.
Natasha casts a spell at you. The magic dart hits you!
You die...

#.# ##.####..###.##..#
# #..
.................# #
#.# #######..#######.#
# #.# #..# #.# ###.##
#..# #.# #### .....#
###..#######.#######...
....)#
#..........#...........
####.#
#.#....###.#########...
#.# #.#.##@###.## ##..
#.# # #.##h##...## ###
#.# #.##.#..)..######
#.#
#.##............#####
####.#
#.##.?.....####......
.....# #.##..#...##
####.## ######
#.##..##.## #.#
.........# #.#
.##..#### #.#


You could see Natasha.

Vanquished Creatures
  Jessica (D:2)
  Natasha (twice) (D:2)
  2 adders (D:2)
  A worm (D:2)
  A dart slug (D:1)
  6 endoplasms
  A giant cockroach (D:2)
  4 goblins
  2 hobgoblins (D:2)
  5 jackals (D:1)
  2 quokkas (D:2)
  2 ball pythons
  A bat (D:1)
  3 frilled lizards (D:1)
  5 kobolds
  3 rats
41 creatures vanquished.

Notes
Turn   | Place    | Note
-------+----------+-------------------------------------------
     0 | D:1      | DuloT34 the Barachi Arcane Marksman began the quest for the
                  | Orb.
     0 | D:1      | Reached XP level 1. HP: 15/15 MP: 2/2
   168 | D:1      | Reached skill level 2 in Spellcasting
   176 | D:1      | Reached XP level 2. HP: 16/21 MP: 5/5
   595 | D:1      | Found a faded altar of an unknown god.
   913 | D:1      | Reached XP level 3. HP: 26/26 MP: 7/7
  1032 | D:1      | Reached skill level 3 in Spellcasting
  1385 | D:2      | Noticed Jessica
  1397 | D:2      | Killed Jessica
  1405 | D:2      | Reached XP level 4. HP: 9/32 MP: 7/9
  1955 | D:2      | Noticed Natasha
  1964 | D:2      | Killed Natasha
  1965 | D:2      | Reached skill level 4 in Spellcasting
  3315 | D:2      | Noticed Natasha
  3338 | D:2      | Killed Natasha
  3339 | D:2      | Reached XP level 5. HP: 23/41 MP: 11/11
  3928 | D:2      | Noticed Natasha
  3935 | D:2      | Killed from afar by Natasha

Illustrated notes

Levels and vault maps discovered:
D:1:      lemuel_arrival_tunnels, layout_loops_corners,
          shapermc_ecumenical_altar_mp_highgroup
D:2:      layout_loops_ring, uniq_jessica, uniq_natasha

Skill      XL: |  1  2  3  4 |
---------------+-------------+-----
Spellcasting   | 2 3 4 |  4.0
Fighting       | 3 |  3.5
Ranged Weapons | |  2.0
Dodging        | |  2.1
Hexes          | |  3.2

Action                   |  1- 3 |  4- 6 || total
-------------------------+-------+-------++-------
 Fire: Sling             |    96 |    98 ||   194
 Cast: Slow              |     2 |     6 ||     8
 Abil: Hop               |       |     1 ||     1
  Use: Scroll            |     2 |       ||     2
Armor: Robe              |    11 |     2 ||    13
Dodge: Dodged            |    33 |    29 ||    62

Table legend: (Time is in decaauts)
 A = Elapsed time spent in this place.
 B = Non-inter-level travel time spent in this place.
 C = Inter-level travel time spent in this place.
 D = Time resting spent in this place.
 E = Time spent auto-exploring this place.
 F = Levels seen in this place.
 G = Mean time per level.
                   A        B        C        D        E       F      G
               +--------+--------+--------+--------+--------+-----+--------+
         Total |   4269 |   4173 |     96 |   1820 |   1915 |   2 | 2134.5 |
       Dungeon |   4269 |   4173 |     96 |   1820 |   1915 |   2 | 2134.5 |
               +--------+--------+--------+--------+--------+-----+--------+

Top non-repeatable levels by time:
     D:2: 2186 daAuts
     D:1: 2083 daAuts
